Unix NetHack Version 5.0.0-0 post-release - last build May 23 2026 06:08:33 (1c0ff79ee797540d5714e4e18072db0edd9e58ae,branch:main).

Game began 2026-05-25 00:13:49, ended 2026-05-25 00:41:39.

ArrBianca, lawful female dwarven Archeologist

          ----
        ---.|.
       --.....
       |......           --
      --......-  ---    -.-
      |... ....---.-----...
      |....-.........|....
     --..................
      ..................
      -...............
     --...............-
     |.....--......--.--   --
    --......--.....-|..--   .--           |
    |.........-*..^.|.).-----.--        ..|
  -....).......*d.....)<).[*#..#d)@#G##. ## ###-
  |...   |..........|.-----...)|  |s)...|
  ----   ---...|.*-----   |....-  -.-----
           |..-----       |......  .|
           ----           --.|..- ---
                           ------
ArrBianca the Digger       St:17 Dx:11 Co:14 In:11 Wi:16 Ch:10  Lawful
Dlvl:6  $:1569 HP:0(20) Pw:3(3) AC:8  Xp:2 T:1788 

Latest messages:
 What do you want to use or apply? [ae-iu or ?*] h
 k - an uncursed tripe ration.
 What do you want to throw? [$O or ?*] k
 In what direction? h
 The large dog seems more amiable.
 Your large dog devours an uncursed tripe ration.
 You see here a crossbow bolt.
 You swap places with your large dog.
 Pick a monster, object or location.
 You see here 2 worthless pieces of green glass.
 P - 2 worthless pieces of green glass.
 What do you want to drop? [$a-iouEOP or ?*] P
 You drop 2 worthless pieces of green glass.
 Q - 2 red gems.
 What do you want to use or apply? [ae-iu or ?*] g
 What do you want to rub on the stone? [$Q or ?*] Q
 Q - 2 worthless pieces of red glass.
 What do you want to drop? [$a-iouEOQ or ?*] Q
 You drop 2 worthless pieces of red glass.
 Your dog steps reluctantly onto a pair of hard shoes.
 The gnome is caught in a spider web.
 The large dog picks up a worthless piece of red glass.
 You stop.  Your large dog is in the way!
 (For instructions type a '?')
 What do you want to call the large dog? little dog
 Pick a monster, object or location.
 (For instructions type a '?')
 What do you want to call the large dog called little dog? little dog
 Little dog drops a worthless piece of red glass.
 You find an anti-magic field.
 The dog picks up a crossbow bolt.
 You see here 2 crossbow bolts.
 You see here a crossbow bolt.
 You see here a worthless piece of green glass.
 You see here a crossbow bolt.
 You swap places with your dog.
 (For instructions type a '?')
 What do you want to call the dog? Mothra
 You swap places with Mothra.
 You see here a crossbow bolt.
 You see here 3 crossbow bolts.
 The giant spider bites!
 You don't have anything to drink.
 The giant spider bites!
 You die...
 Do you want your possessions identified? [ynq] (y) n
 Do you want to see your attributes? [ynq] (y) n
 Do you want an account of creatures vanquished? [ynaq] (y) n
 Do you want to see your conduct and achievements? [ynq] (y) n
 Do you want to see the dungeon overview? [ynq] (y) n

Inventory:
 Coins    ('$')
  $ - 1569 gold pieces
 Weapons  (')')
  O - 8 +0 darts (at the ready)
  a - a +2 bullwhip (weapon in right hand)
 Armor    ('[')
  c - an uncursed +0 fedora (being worn)
  o - an uncursed +0 pair of speed boots (being worn)
  E - an uncursed +0 dwarvish cloak (being worn)
  b - an uncursed +0 leather jacket (being worn)
 Comestibles  ('%')
  d - 2 uncursed food rations
 Tools    ('(')
  h - an uncursed sack containing 16 items
  i - an uncursed oil lamp
  e - a +0 pick-axe
  u - an uncursed skeleton key
  f - a tinning kit (0:72)
 Gems/Stones  ('*')
  g - an uncursed touchstone

Contents of the sack:
  an uncursed candy bar labeled "Berry Bar"
  2 uncursed food rations
  2 uncursed tripe rations
  an uncursed tin of fox meat
  an uncursed scroll of confuse monster
  2 uncursed scrolls of identify
  an uncursed scroll of magic mapping
  an uncursed spellbook of confuse monster
  an uncursed spellbook of extra healing
  an uncursed potion of water
  an uncursed potion of oil
  an uncursed ring of conflict
  an uncursed tallow candle
  an uncursed brass lantern
  a blessed crystal ball (0:3)
  an uncursed skeleton key

ArrBianca the Archeologist's attributes:

Background:
 You were a Digger, a level 2 female dwarven Archeologist.
 You were lawful, on a mission for Quetzalcoatl
 who was opposed by Camaxtli (neutral) and Huhetotl (chaotic).
 You were right-handed.
 You were in the Gnomish Mines, on level 6.
 You entered the dungeon 1788 turns ago.
 It was the midnight hour.
 You had 31 experience points, 9 more were needed to attain level 3.

Basics:
 You had 0 out of 20 hit points.
 You had all 3 energy points (spell power).
 Your armor class was 8.
 Your wallet contained 1569 zorkmids.
 Autopickup was on for '$?!/="+%' plus thrown, with exceptions.

Final Characteristics:
 Your strength was 17 (limit:18/100).
 Your dexterity was 11 (limit:20).
 Your constitution was 14 (limit:20).
 Your intelligence was 11 (limit:16).
 Your wisdom was 16 (limit:16).
 Your charisma was 10 (limit:16).

Final Status:
 You weren't hungry.
 You were unencumbered.
 You were wielding a whip.
 You had basic skill with whip.

Final Attributes:
 You were devoutly aligned.
 Your items were somewhat protected from fire.
 Your items were somewhat protected from cold.
 You had automatic searching.
 You had infravision.
 You were warded.
 You were very fast.
 You were lucky.
 You are dead.

Miscellaneous:
 You encountered 1 bones level.
 Total elapsed playing time was 27 minutes and 50 seconds.

Major events:
 Turn
    1: ArrBianca the lawful female dwarven Archeologist entered the dungeon
  893: entered the Gnomish Mines
 1351: reached Mine Town
 1788: killed by a giant spider

You didn't know any spells.

Skills:
 Fighting Skills
   bare handed combat [Unskilled]
   two weapon combat  [Unskilled]
   riding             [Unskilled]
 Weapon Skills
   dagger             [Unskilled]
   knife              [Unskilled]
   pick-axe           [Basic]
   short sword        [Unskilled]
   saber              [Unskilled]
   club               [Unskilled]
   quarterstaff       [Unskilled]
   sling              [Unskilled]
   dart               [Unskilled]
   boomerang          [Unskilled]
   whip               [Basic]
   unicorn horn       [Unskilled]
 Spellcasting Skills
   attack spells      [Unskilled]
   healing spells     [Unskilled]
   divination spells  [Unskilled]
   matter spells      [Unskilled]

Voluntary challenges:
 Character rerolling was not enabled.
 You never genocided any monsters.
 You never polymorphed an object.
 You never changed form.
 You used no wishes.
Achievements:
 You entered the Gnomish Mines.
 You entered Minetown.
 You entered a shop.
 You entered a temple.

 The Dungeons of Doom: levels 1 to 3
    Level 1:
       Some fountains.
    Level 2:
       A fountain.
       Stairs down to The Gnomish Mines.
    Level 3:
       A fountain.
 The Gnomish Mines: levels 3 to 6
    Level 3:
    Level 4:
    Level 5:
       Many shops, a temple and an altar to Quetzalcoatl, some fountains.
    Level 6: <- You were here.
       Final resting place for
          you, killed by a giant spider,
          relapseVIII-Arc-Hum-Mal-Neu, killed by a gnome, while unconscious from rotten food.


Vanquished creatures:
  a gnome leader
  a gnomish wizard
  a dwarf
  a giant rat
  a green mold
 10 gnomes
  2 geckos
  6 jackals
  a fox
  6 grid bugs
  3 lichens
  3 newts
36 creatures vanquished.

No species were genocided or became extinct.

Game over:
                       ----------
                      /          \
                     /    REST    \
                    /      IN      \
                   /     PEACE      \
                  /                  \
                  |    ArrBianca     |
                  |     1569 Au      |
                  |   killed by a    |
                  |   giant spider   |
                  |                  |
                  |                  |
                  |       2026       |
                 *|     *  *  *      | *
        _________)/\\_//(\/(/\)/\//\/|_)_______

Goodbye ArrBianca the Archeologist...

You died in The Gnomish Mines on dungeon level 6 with 1787 points,
and 1569 pieces of gold, after 1788 moves.
You were level 2 with a maximum of 20 hit points when you died.

